AoeStats
← crypto_zhupel

Arena

509416141Analyzed
2v2 RM · 4d ago on Sep 26, 2026· 39m 10s· 4 players
Game mode
Random Map
Map size
Medium (4 player)
Population
200
Speed
Normal
Resources
Standard
Victory
Conquest
Starting age
Dark Age
Ending age
Imperial Age
RankedLock teamsTeams togetherTeam positionsShared explorationLock speedFull tech treeHidden civsTurbo modeCheats
Victory
Defeat
🇷🇺 Danes · Russia
1371
+16
🇷🇺 Saxons · Russia
1357
+16
🇱🇹 Koreans · Lithuania
1483
-21
🇱🇹 Tupi · Lithuania
1242
-11
Erranth
10:11 Feudal Age
14:26 Castle Age
14:29 Loom
17:48 Double-Bit Axe
18:57 Fletching
21:05 Ballistics
21:36 Horse Collar
22:12 Bow Saw
23:54 Bodkin Arrow
27:02 Horse Collar
30:39 Wheelbarrow
30:34 Scale Mail Armor
30:23 Treadmill Crane
30:40 Gold Mining
30:51 Heavy Plow
31:38 Squires
34:17 Imperial Age
32:52 Stone Mining
34:00 Scale Mail Armor
34:11 Forging
36:00 Murder Holes
tiesiogsaras
10:39 Feudal Age
14:46 Castle Age
13:42 Double-Bit Axe
15:26 Loom
16:21 Bow Saw
18:02 Fletching
23:28 Wheelbarrow
23:37 Horse Collar
26:59 Gold Mining
30:49 Imperial Age
32:04 Masonry
32:32 Conscription
32:43 Bodkin Arrow
33:14 Ballistics
33:31 Bracer
33:57 Fortified Wall
35:32 Elite War Wagon
38:27 Murder Holes
39:02 Architecture
youteGG_mangoneluser
10:49 Feudal Age
14:44 Castle Age
12:49 Double-Bit Axe
12:45 Horse Collar
17:50 Loom
19:46 Loom
20:00 Fletching
25:11 Town Watch
26:53 Wheelbarrow
30:13 Imperial Age
28:18 Scale Mail Armor
28:28 Forging
29:25 Hand Cart
29:19 Heavy Plow
29:35 Squires
29:22 Arson
29:22 Gambesons
30:15 Stone Mining
30:48 Bow Saw
31:16 Chain Mail Armor
32:19 Iron Casting
32:56 Plate Mail Armor
32:26 Elite Varangian Guard
35:30 Blast Furnace
35:17 Conscription
35:29 Hamask
crypto_zhupel
6:46 Loom
9:25 Feudal Age
11:45 Double-Bit Axe
15:40 Wheelbarrow
18:26 Horse Collar
21:02 Castle Age
22:14 Heavy Plow
22:26 Bow Saw
23:48 Stone Mining
26:44 Fletching
29:14 Hand Cart
29:06 Bodkin Arrow
31:02 Town Watch
32:34 Scale Mail Armor
32:45 Forging
35:43 Imperial Age
33:14 Gold Mining
33:43 Fortified Wall
37:26 Bracer
38:27 Chain Mail Armor
39:11 Iron Casting
38:54 Squires
39:22 Conscription
39:33 Arson
Connection lost

Rejoining the realm…

Still unreachable

The connection could not be restored.

Session expired

The server has moved on; the page needs a fresh start.